 Dungeon Crawl Stone Soup version 0.29.1-15-g9cfb28693d (webtiles) character file.

Game seed: 17127201926144394753

107 fleeber the Shooter (level 4, -4/35 HPs)
             Began as a Barachi Hunter on Mar 16, 2023.
             Was an Initiate of Cheibriados.
             Slain by a scorpion (7 damage)
             ... on level 5 of the Dungeon.
             The game lasted 00:07:26 (3149 turns).

fleeber the Shooter (Barachi Hunter)                Turns: 3149, Time: 00:07:26

Health: -4/35      AC:  4    Str: 13    XL:     4   Next: 86%
Magic:  4/4        EV: 13    Int: 10    God:    Cheibriados [......]
Gold:   97         SH:  0    Dex: 19    Spells: 3/3 levels left

rFire   . . .      SeeInvis .   a - +0 shortbow
rCold   . . .      Faith    .   (shield currently unavailable)
rNeg    . . .      Spirit   .   c - +0 leather armour
rPois   +          Reflect  .   e - +0 helmet
rElec   .          Harm     .   (no cloak)
rCorr   .          Rampage  .   (no gloves)
Will    .....                   (no boots)
Stlth   ++........              (no amulet)
HPRegen 0.11/turn               j - ring of poison resistance
MPRegen 0.09/turn               (no ring)

@: very slow
A: amphibious, slowness 1, strong legs 1, +LOS
a: Hop, Renounce Religion


You were on level 5 of the Dungeon.
You worshipped Cheibriados.
Cheibriados was noncommittal.
You visited 2 branches of the dungeon, and saw 7 of its levels.

You collected 97 gold pieces.

Inventory:

Hand Weapons
 a - a +0 shortbow (weapon)
Armour
 c - a +0 leather armour (worn)
 e - a +0 helmet (worn)
Jewellery
 j - a ring of poison resistance (left hand)
 n - an amulet of faith
Scrolls
 b - 2 scrolls of immolation
 d - 3 scrolls of identify {unknown}
 g - 3 scrolls of teleportation {unknown}
 i - a scroll of brand weapon {unknown}
 l - 3 scrolls of poison {unknown}
 m - a scroll of enchant weapon {unknown}
 p - a scroll of amnesia {unknown}
Potions
 f - a potion of cancellation {unknown}
 h - a potion of attraction
 q - a potion of lignification {unknown}


   Skills:
 + Level 3.5 Fighting
 * Level 5.1 Ranged Weapons
 + Level 3.2 Dodging
 - Level 0.8 Stealth


You had 3 spell levels left.
You didn't know any spells.
Your spell library contained the following spells:

 Spells                   Type           Power      Damage    Failure   Level
 Poisonous Vapours        Pois/Air       0%         N/A       58%         2
 Spider Form              Tmut/Pois      0%         N/A       82%         3
 Tukima's Dance           Hex            0%         N/A       82%         3
 Corpse Rot               Necr/Pois/Air  0%         N/A       99%         4
 Passage of Golubria      Tloc           0%         N/A       99%         4
 Alistair's Intoxication  Tmut/Pois      0%         N/A       100%        5
 Fireball                 Conj/Fire      0%         3d3       100%        5
 Irradiate                Conj/Tmut      0%         3d11      100%        5
 Yara's Violent Unravell  Hex/Tmut       0%         3d3       100%        5
 Starburst                Conj/Fire      0%         6d3       100%        6
 Storm Form               Tmut/Air       0%         N/A       100%        7
 Ignition                 Fire           0%         3d3       100%        8


Dungeon Overview and Level Annotations

Branches:
Dungeon (6/15)             Temple (1/1) D:6

Altars:
Cheibriados
Dithmenos
Elyvilon
Fedhas
Gozag
Kikubaaqudgha
Nemelex Xobeh
Okawaru
Qazlal
Ru
Trog
Uskayaw
Vehumet
Yredelemnul
Zin
The Shining One

Shops:
D:3 *

Annotations:
D:2 1 runed translucent door, Crazy Yiuf
D:5 Menkaure


Innate Abilities, Weirdness & Mutations

You are amphibious.
You cover ground slowly.
You can hop short distances.
You have an extended range of vision and can be seen from far away.


Message History

Deactivating autopickup; reactivate with Ctrl-A.
Fire: a) +0 shortbow
Press: ? - help, Q - select action, (/) - cycle Shift-Dir - straight line You shoot an arrow.
Something hits you.
You feel less attractive to monsters.
Fire: a) +0 shortbow
Press: ? - help, Q - select action, (/) - cycle Shift-Dir - straight line You shoot an arrow.
Cheibriados appreciates the change of pace.
Reactivating autopickup.
You feel a bit more experienced.
Things that are here:
a +0 dagger; a +0 robe; an orc corpse
Things that are here:
a +0 club; an orc corpse
There is a stone staircase leading down, spattered with blood here.
You start resting.
HP restored.
Things that are here:
a +0 club; an orc corpse
Things that are here:
a +0 dagger; a +0 robe; an orc corpse Menkaure, Prince of Dust comes into view.
Menkaure shouts!
You hear a shout!
A phantom comes into view.
A scorpion comes into view.
Menkaure mumbles some strange words.
Menkaure seems to speed up.
Menkaure calls on the powers of darkness!
The scorpion convulses!
Your body is wracked with pain!
Menkaure casts a spell at you.
You barely resist.
Found a sedimented amethyst potion.
Menkaure closely misses you. The scorpion attacks as you move away!
The scorpion barely misses you.
An ufetubus comes into view.
Menkaure hits you!
* * * LOW HITPOINT WARNING * * *
The ufetubus moves out of view.
You closely miss Menkaure. The scorpion stings you!
You die...

...........
............ #
............ .#
............#.
...........#.
..............!.#.
.................#
................#
......... #.M@#
......## ##.s.####
#.....###W......#
#...!##...##.......
#........## ##.....
#........# ##..#
#...)...## ##
#.......)#
##...........


You could see a phantom, Menkaure (fast) and a scorpion.

Vanquished Creatures
  An orc wizard (D:5)
  3 adders
  A worm (D:2)
  A dart slug (D:1)
  2 orcs
  3 ball pythons
  7 endoplasms
  2 giant cockroaches
  2 goblins (D:3)
  5 hobgoblins
  3 jackals (D:2)
  4 kobolds
  3 quokkas
  3 bats
  2 frilled lizards (D:2)
  4 rats
46 creatures vanquished.

Vanquished Creatures (others)
  4 toadstools (D:6)
4 creatures vanquished.

Grand Total: 50 creatures vanquished

Notes
Turn   | Place    | Note
-------+----------+-------------------------------------------
     0 | D:1      | fleeber the Barachi Hunter began the quest for the Orb.
     0 | D:1      | Reached XP level 1. HP: 17/17 MP: 1/1
   114 | D:1      | Found a faded altar of an unknown god.
   165 | D:1      | Reached XP level 2. HP: 23/23 MP: 2/2
   788 | D:2      | Got the Opusculum on Transmutation
   806 | D:2      | Reached XP level 3. HP: 23/29 MP: 3/3
  1570 | D:2      | Found a runed translucent door.
  1571 | D:2      | Noticed Crazy Yiuf
  1704 | D:3      | Reached XP level 4. HP: 35/35 MP: 4/4
  1944 | D:3      | Found Adeklion's Assorted Antiques.
  2062 | D:3      | Reached skill level 5 in Ranged Weapons
  2432 | D:3      | Found an ancient bone altar of Kikubaaqudgha.
  2714 | D:4      | You fall into a shaft and drop 2 floors!
  2714 | D:6      | Found a staircase to the Ecumenical Temple.
  2720 | D:6      | Noticed a sky beast
  2723 | Temple   | Entered the Ecumenical Temple
  2911 | Temple   | Became a worshipper of Cheibriados the Contemplative
  2961 | D:5      | Entered Level 5 of the Dungeon
  3140 | D:5      | Noticed Menkaure
  3140 | D:5      | Noticed a phantom
  3140 | D:5      | Noticed a scorpion
  3149 | D:5      | Slain by a scorpion

Illustrated notes

Levels and vault maps discovered:
D:1:      dpeg_arrival_rhombi, layout_loops_ring, ebering_ecumenical_altar_rust
D:2:      layout_loops_corners, minmay_misc_feat_diagonals, grunt_ministairs_13,
          minivault_24, uniq_crazy_yiuf_cottage
D:3:      layout_basic, kiku_gazebo_pond_becter, serial_shops,
          nicolae_shop_crystal, grunt_decor_clamped, grunt_decor_resistance
D:4:      layout_loops_ring, nicolae_sif_muna_little_library, uniq_pikel,
          uniq_grinder
D:5:      layout_layer_cave, nicolae_wu_jian_glorious_leap, serial_shops,
          nicolae_shop_statue_plus, minmay_between, uniq_menkaure
D:6:      layout_gridville, mainiacjoe_overflow_divided_tiny,
          minmay_temple_entry_offerings, portal_sewer_entry_c,
          minmay_gold_behind_fungi
Temple:   regret_index_temple_generic_petals

Skill      XL: |  1  2  3  4 |
---------------+-------------+-----
Fighting       | 3 |  3.5
Ranged Weapons | 5 |  5.1
Dodging        | 3 |  3.2
Stealth        | |  0.8

Action                   |  1- 3 |  4- 6 || total
-------------------------+-------+-------++-------
Melee: Shortbow          |       |     3 ||     3
 Fire: Shortbow          |    86 |    42 ||   128
  Use: Potion            |       |     4 ||     4
Armor: Leather armour    |     5 |    13 ||    18
Dodge: Dodged            |    32 |    21 ||    53
